 Dungeon Crawl Stone Soup version 0.31-a0-654-gbe3e110b4e (webtiles) character file.

Game seed: 5485781797806876202

412 IdlyInterested the Cutter (level 6, 0/44 HPs)
             Began as a Demonspawn Gladiator on Aug 29, 2023.
             Killed by divine providence
             ... invoked by an orc priest
              (12 damage)
             ... on level 5 of the Dungeon.
             The game lasted 00:11:58 (3765 turns).

IdlyInterested the Cutter (Demonspawn Gladiator)    Turns: 3765, Time: 00:11:59

Health: 0/44       AC:  6    Str: 20    XL:     6   Next: 59%
Magic:  7/7        EV: 12    Int: 12    God:
Gold:   162        SH:  0    Dex: 14    Spells: 7/7 levels left

rFire   . . .        i - +2 short sword (venom)
rCold   . . .        (no shield)
rNeg    . . .        l - +0 ring mail
rPois   .            c - +0 helmet
rElec   .            (no cloak)
rCorr   .            (no gloves)
SInv    .            (no boots)
Will    .....        C - amulet of regeneration
Stlth   ++           p - +6 ring of strength
HPRegen 1.07/turn    (no ring)
MPRegen 0.10/turn

%: no passive effects
@: no status effects
A: hooves 1, sturdy frame 2
a: no special abilities


You were on level 5 of the Dungeon.
You visited 2 branches of the dungeon, and saw 6 of its levels.

You collected 162 gold pieces.

Inventory:

Hand Weapons
 a - a +0 rapier
 i - a +2 short sword of venom (weapon)
 y - a +0 long sword
Missiles
 d - 4 throwing nets
 e - a javelin
 j - 59 stones (quivered)
 q - 14 poisoned darts
 G - 6 boomerangs
Armour
 b - a +0 leather armour
 c - a +0 helmet (worn)
 l - a +0 ring mail (worn)
 v - a +0 robe
 D - a +0 plate armour
Jewellery
 p - a +6 ring of strength (left hand)
 C - an amulet of regeneration (around neck)
Scrolls
 f - a scroll of noise {unknown}
 g - a scroll of torment {unknown}
 h - 2 scrolls of blinking
 m - 2 scrolls of teleportation
 o - a scroll of amnesia {unknown}
 r - 3 scrolls of enchant weapon {unknown}
 s - a scroll of immolation {unknown}
 u - a scroll of revelation {unknown}
 x - a scroll of enchant armour {unknown}
 A - a scroll of fog
 F - a scroll of butterflies {unknown}
Potions
 k - a potion of berserk rage
 n - a potion of haste
 t - a potion of ambrosia
 w - a potion of magic {unknown}
 z - a potion of curing {unknown}
 B - a potion of resistance
 E - a potion of attraction {unknown}


   Skills:
 - Level 2.0 Fighting
 + Level 5.4 Short Blades
 - Level 1.7 Throwing
 - Level 1.0 Armour
 - Level 2.6 Dodging
 * Level 2.5 Stealth
 - Level 1.0 Shields
 - Level 1.0 Unarmed Combat
 - Level 1.0 Spellcasting
 - Level 1.0 Evocations
 - Level 1.0 Shapeshifting


You had 7 spell levels left.
You didn't know any spells.
Your spell library contained the following spells:

 Spells                   Type           Power      Damage    Failure   Level
 Necrotise                Necr           0%         1d4       32%         1
 Portal Projectile        Hex/Tloc       0%         N/A       67%         3
 Tukima's Dance           Hex            0%         N/A       67%         3
 Vampiric Draining        Necr           0%         2d6       67%         3
 Iskenderun's Mystic Bla  Conj/Tloc      0%         2d3       97%         4
 Agony                    Necr           0%         N/A       100%        5


Dungeon Overview and Level Annotations

Branches:
Dungeon (5/15)             Temple (1/1) D:4

Altars:
Ashenzari
Cheibriados
Dithmenos
Gozag
Hepliaklqana
Kikubaaqudgha
Makhleb
Okawaru
Qazlal
Ru
Trog
Uskayaw
Vehumet
Wu Jian
Yredelemnul

Shops:
D:4 :

Annotations:
Temple 2 transporters


Innate Abilities, Weirdness & Mutations

You have large cloven feet.
Your movements are less encumbered by armour. (ER -4)


Message History

The orc hits you with a +0 mace.
* * * LOW HITPOINT WARNING * * *
The orc priest begins to cast a cantrip, but forgets the words!
You puncture the orc priest!
The orc priest is poisoned.
The orc priest is heavily wounded.
The orc priest misses you. The orc barely misses you.
The orc priest barely misses you. The orc priest misses you.
You miss the orc priest.
You feel less invigorated.
You feel less confused.
The orc priest looks satisfied for a moment.
The orc priest hits you but does no damage.
The orc barely misses you. The orc priest closely misses you.
You are confused.
You feel invigorated. The orc barely misses you.
The orc priest hits you with a +0 short sword.
The orc priest hits you with a +0 mace.
The orc priest mumbles some strange prayers to Beogh against you.
Beogh smites you!
* * * LOW HITPOINT WARNING * * *
You hit the orc.
The orc is poisoned.
You kick the orc.
You kill the orc!
The orc priest looks more healthy.
The orc priest hits you but does no damage.
The orc priest invokes the aid of Beogh against you.
You barely resist. The orc priest hits you with a +0 mace.
* * * LOW HITPOINT WARNING * * *
You completely miss the orc priest.
You're too confused to move!
You feel less invigorated.
You feel less confused.
The orc priest calls upon Beogh to heal the orc priest.
The orc priest's wounds heal themselves!
The orc priest hits you but does no damage.
The orc priest barely misses you.
You closely miss the orc priest.
You kick the orc priest, but do no damage.
The orc priest hits you with a +0 short sword.
* * * LOW HITPOINT WARNING * * *
The orc priest calls down the wrath of Beogh upon you.
Beogh smites you!
You die...

..... ..... ..
..... #.# $... ..
###..# #.#
###....##.. #..
##.ooo......
#..####..)@#
#.#.....###
##.)...### .
###.....### ..?
...........#....#
.......###<.....#
....... ##....##
......# .....#
...... ..#...#


You could see 3 orc priests.

Vanquished Creatures
  2 scorpions
  2 howler monkeys (D:4)
  A jelly (D:5)
  An orc wizard (D:5)
  5 gnolls
  2 adders
  2 worms
  7 orcs
  5 ball pythons
  6 bats
  5 endoplasms
  A giant cockroach (D:4)
  8 goblins
  4 hobgoblins
  8 jackals (D:1)
  12 kobolds
  4 quokkas
  3 frilled lizards
  10 rats
88 creatures vanquished.

Notes
Turn   | Place    | Note
-------+----------+-------------------------------------------
     0 | D:1      | IdlyInterested the Demonspawn Gladiator began the quest for
                  | the Orb.
     0 | D:1      | Reached XP level 1. HP: 16/16 MP: 1/1
   248 | D:1      | Reached skill level 3 in Short Blades
   251 | D:1      | Reached skill level 1 in Armour
   251 | D:1      | Gained mutation: You have large cloven feet. [demonic
                  | ancestry]
   251 | D:1      | Reached XP level 2. HP: 22/22 MP: 2/2
   364 | D:1      | Gained mutation: Your movements are slightly less
                  | encumbered by armour. (ER -2) [demonic ancestry]
   364 | D:1      | Reached XP level 3. HP: 27/27 MP: 3/3
  1026 | D:2      | Found a faded altar of an unknown god.
  1083 | D:2      | Reached skill level 1 in Stealth
  1688 | D:2      | Reached skill level 4 in Short Blades
  1761 | D:3      | Gained mutation: Your movements are less encumbered by
                  | armour. (ER -4) [demonic ancestry]
  1761 | D:3      | Reached XP level 4. HP: 33/33 MP: 4/4
  1819 | D:3      | Found an iron altar of Okawaru.
  2914 | D:4      | Found Xeisagh's Self-Improvement Boutique.
  3049 | D:4      | Reached skill level 1 in Spellcasting
  3079 | D:4      | Noticed a scorpion
  3087 | D:4      | Killed a scorpion
  3088 | D:4      | Reached skill level 1 in Evocations
  3088 | D:4      | Reached XP level 5. HP: 38/38 MP: 6/6
  3108 | D:4      | Reached skill level 1 in Shapeshifting
  3304 | D:4      | Reached skill level 5 in Short Blades
  3304 | D:4      | Reached skill level 1 in Unarmed Combat
  3304 | D:4      | Reached XP level 6. HP: 41/44 MP: 7/7
  3472 | D:4      | Found a staircase to the Ecumenical Temple.
  3478 | Temple   | Found a transporter.
  3478 | Temple   | Found a transporter.
  3478 | Temple   | Found a transporter.
  3478 | Temple   | Found a transporter.
  3478 | Temple   | Entered the Ecumenical Temple
  3677 | D:5      | Entered Level 5 of the Dungeon
  3690 | D:5      | Reached skill level 1 in Shields
  3765 | D:5      | Killed from afar by an orc priest

Illustrated notes

Levels and vault maps discovered:
D:1:      minmay_arrival_hallway, layout_loops_ring, serial_bayou_pond_a
D:2:      layout_basic, ebering_ecumenical_altar_sacrificial
D:3:      layout_loops_ring, mainiacjoe_overflow_catwalk,
          lexackson_kobold_supper
D:4:      layout_loops_cross, minmay_temple_entry_enclosed_plants,
          nicolae_shop_self_help
D:5:      layout_layer_cave, amcnicky_altar_gilded, minivault_19,
          grunt_tough_drop
Temple:   hellmonk_temple_divided_pantheon

Skill      XL: |  1  2  3  4  5  6 |
---------------+-------------------+-----
Short Blades   | 3 4 5 |  5.4
Armour         | 1 |  1.0
Stealth        | 1 2 |  2.5
Spellcasting   | 1 |  1.0
Evocations     | 1 |  1.0
Shapeshifting  | 1 |  1.0
Unarmed Combat | 1 |  1.0
Shields        | 1 |  1.0
Fighting       | |  2.0
Throwing       | |  1.7
Dodging        | |  2.6

Action                     |  1- 3 |  4- 6 || total
---------------------------+-------+-------++-------
  Melee: Short sword       |    97 |   254 ||   351
         Rapier            |     8 |       ||     8
         Kick              |    20 |   111 ||   131
         Punch             |     1 |       ||     1
  Throw: Stone             |       |     2 ||     2
    Use: Scroll            |     1 |     4 ||     5
         Potion            |       |     3 ||     3
   Stab: Sleeping          |     4 |     6 ||    10
 Armour: Leather armour    |    23 |       ||    23
         Robe              |    10 |       ||    10
         Ring mail         |     5 |    29 ||    34
  Dodge: Dodged            |    62 |    52 ||   114

Table legend: (Time is in decaauts)
 A = Elapsed time spent in this place.
 B = Non-inter-level travel time spent in this place.
 C = Inter-level travel time spent in this place.
 D = Time resting spent in this place.
 E = Time spent auto-exploring this place.
 F = Levels seen in this place.
 G = Mean time per level.
                   A        B        C        D        E       F      G
               +--------+--------+--------+--------+--------+-----+--------+
         Total |   3698 |   3291 |    407 |     74 |   2079 |   6 |  616.3 |
       Dungeon |   3671 |   3264 |    407 |     74 |   2079 |   5 |  734.2 |
        Temple |     27 |     27 |      0 |      0 |      0 |   1 |   27.0 |
               +--------+--------+--------+--------+--------+-----+--------+

Top non-repeatable levels by time:
     D:3: 1015 daAuts
     D:2: 980 daAuts
     D:1: 880 daAuts
     D:4: 727 daAuts
     D:5: 67 daAuts
  Temple: 27 daAuts
